Map: Magannatha LE

Players

irimir

  • Race: Protoss Protoss
  • League: Platinum
  • Spawn Location: 11:00

ManlyManMeat - Winner!

  • Race: Terran Terran
  • League: Platinum
  • Spawn Location: 5:00

VOD

Have the link to the VOD?

Description

Time

  • Played on: June 19, 2025, 10:46 a.m.
  • Length: 7:51
Show
View Real Time Build Order
Export as new Build Order

irimir Protoss 

Build Orders:  

Get SALT Encoding   

  12  0:00  Probe  
  13  0:16  Pylon  
  13  0:17  Probe  
  14  0:25  Probe  
  15  0:35  Probe  
  15  0:37  Gateway  
  16  0:47  Probe  
  17  0:51  Assimilator  
  17  0:59  Probe  
  18  1:05  Pylon  
  18  1:12  Probe  
  19  1:24  Probe  
  20  1:29  Gateway  
  19  1:36  Cybernetics Core, Probe  
  19  1:39  Assimilator  
  20  1:48  Probe  
  21  2:00  Probe  
  22  2:11  Adept  
  22  2:12  Probe  
  22  2:13  Adept  
  27  2:27  Nexus  
  26  2:50  Probe  
  27  2:52  Adept  
  29  3:00  Twilight Council  
  29  3:02  Probe  
  30  3:14  Probe  
  30  3:16  Warp Gate  
  31  3:39  Probe  
  33  3:41  Probe  
  33  3:48  Gateway  
  33  3:49  Gateway  
  33  3:51  Pylon, Probe  
  33  3:53  Probe  
  35  4:01  Robotics Facility  
  35  4:03  Probe  
  35  4:08  Resonating Glaives  
  36  4:13  Probe  
  37  4:20  Gateway  
  37  4:21  Gateway  
  35  4:36  Adept  
  35  4:37  Pylon  
  40  5:19  Adept  
  40  5:21  Pylon  
  40  5:25  Pylon  
  40  5:26  Immortal  
  40  5:32  Assimilator  
  40  5:39  Probe  
  40  5:41  Probe  
  42  5:51  Adept x3, Probe  
  42  5:53  Probe  
  50  6:03  Probe  
  39  6:13  Zealot x2  
  39  6:14  Zealot  
  36  6:35  Probe x2  
  29  6:45  Zealot  
  29  6:46  Zealot x2  
  35  6:47  Probe x2  
  37  6:54  Pylon  
  37  6:59  Probe x2  
  39  7:05  Immortal  
  36  7:20  Probe  
  36  7:21  Probe  
  34  7:29  Probe  
  33  7:33  Probe  
  33  7:37  Probe  
  33  7:43  Pylon  
Show
View Real Time Build Order
Export as new Build Order

ManlyManMeat Terran - Winner!

Build Orders: Reaper Expand 

Get SALT Encoding   

  12  0:00  SCV  
  13  0:12  SCV  
  14  0:17  Supply Depot  
  14  0:24  SCV  
  15  0:38  SCV  
  15  0:39  Barracks  
  16  0:44  Refinery  
  16  0:50  SCV  
  17  1:03  SCV  
  18  1:15  SCV  
  19  1:32  Reaper, Command Center  
  20  1:40  Orbital Command  
  20  1:52  Supply Depot  
  20  2:04  Barracks Reactor  
  20  2:07  SCV  
  21  2:19  SCV  
  22  2:25  Factory  
  22  2:31  SCV  
  23  2:43  SCV  
  24  2:46  Marine x2  
  26  2:53  Orbital Command  
  26  2:55  SCV  
  27  2:59  Refinery  
  27  3:07  Barracks, SCV  
  27  3:08  Marine x2  
  30  3:15  Factory Reactor  
  30  3:20  SCV x2  
  30  3:26  Marine x2  
  34  3:32  SCV x2  
  36  3:46  Starport, SCV  
  37  3:49  Supply Depot x2  
  37  3:50  SCV  
  37  3:54  Widow Mine  
  37  3:55  Widow Mine, Barracks Tech Lab  
  42  3:58  SCV  
  42  4:01  Barracks  
  43  4:03  SCV  
  43  4:07  Bunker  
  44  4:10  SCV  
  44  4:15  SCV  
  46  4:30  Marine x2  
  46  4:31  Marine x2  
  49  4:32  Siege Tank  
  53  4:48  Marine  
  53  4:49  Starport Tech Lab  
  54  4:57  SCV x2  
  55  5:09  SCV  
  55  5:13  Marine  
  55  5:14  Marine x3  
  54  5:15  Siege Tank  
  54  5:21  SCV x2  
  61  5:31  Barracks  
  61  5:32  Refinery, Supply Depot  
  61  5:33  SCV, Barracks  
  61  5:35  Barracks  
  62  5:36  Supply Depot, Engineering Bay x2  
  62  5:54  SCV x2, Marine x4  
  68  6:06  SCV  
  57  6:41  Marine x5  
  57  6:42  Marine x3  
  57  6:43  Siege Tank  
  66  6:59  Marine x6  
  72  7:03  Command Center  
  72  7:11  Marine x2  
  72  7:15  Medivac, Siege Tank  
  72  7:17  Marine x2  
Tags
 
Add a new tag
Caveats
  • Supply blocks, unpowered buildings, or Contaminate may cause inaccurate times.
  • Supply counts are checked every 10 seconds.